[Event "Serbian League 2024"]
[Site "Bajina Basta"]
[Date "2024.10.03"]
[Round "7.28"]
[White "Alimpic, Aleksa"]
[Black "Brenjo, Slavisa"]
[Result "1/2-1/2"]
[ECO "D30"]
[WhiteElo "2253"]
[BlackElo "2376"]
[Annotator "TA"]
[PlyCount "42"]
[EventDate "2024.09.26"]
[EventType "team-tourn"]
[EventCountry "SRB"]
[SourceTitle "playchess.com"]
[Source "ChessBase"]
[SourceQuality "1"]
[TimeControl "40/5400+30:1800+30"]

1. d4 d5 2. c4 e6 3. Nf3 c5 4. cxd5 exd5 5. g3 Nc6 6. Bg2 Nf6 7. O-O Be7 8. dxc5 Bxc5 9. a3 Ne4 10. Nfd2 Nxd2 11. Nxd2 Bb6 12. Nf3 O-O 13. b4 Re8 14. Bb2 Bg4 15. Qd2 Qe7 16. h3 Bxf3 17. Bxf3 (17. exf3 {with more complications.} Qe2 18. Rad1 a5 19. bxa5 Rxa5 20. f4) 17... Ne5 (17... Rad8 $11) 18. Bxe5 $16 (18. Qxd5 Nxf3+ 19. Qxf3 (19. exf3 Rad8 $15) 19... Qxe2 20. Qxe2 Rxe2 $17) 18... Qxe5 19. Kg2 (19. Qxd5 Qxg3+ 20. Bg2 Rxe2 $19) 19... Rad8 20. Rac1 Re6 21. Rc3 Rg6 {[%emt 0:00:00] Weighted Error Value: White=0.07 (flawless) /Black=0.17 (very precise) .  Mistake:       	---       	Black=1      Inaccurate:     	White=2     	Black=2      OK:         	White=5     	Black=1      Best:        	---       	Black=1} 1/2-1/2

[Event "Serbian League 2024"]
[Site "Bajina Basta"]
[Date "2024.10.03"]
[Round "7.29"]
[White "Omorjan, Dejan"]
[Black "Krstic, Petar"]
[Result "1-0"]
[ECO "E33"]
[WhiteElo "2299"]
[BlackElo "2280"]
[Annotator "RC"]
[PlyCount "93"]
[EventDate "2024.09.26"]
[EventType "team-tourn"]
[EventCountry "SRB"]
[SourceTitle "playchess.com"]
[Source "ChessBase"]
[SourceQuality "1"]
[TimeControl "40/5400+30:1800+30"]

1. d4 Nf6 2. c4 e6 3. Nc3 Bb4 4. Qc2 Nc6 5. Nf3 d6 6. Bd2 O-O 7. a3 Bxc3 8. Bxc3 a5 9. g3 Re8 10. Bg2 a4 11. O-O e5 12. d5 Nb8 13. Nd2 Nbd7 14. e4 c6 15. Kh1 Qb6 16. Rae1 Ng4 17. Re2 Nc5 18. f3 Nf6 19. Rd1 cxd5 20. cxd5 Qa6 21. Re3 Bd7 22. Bf1 Qa7 23. Nc4 Nb3 24. Ree1 Qb8 25. Nb6 Ra7 26. Bb4 Rd8 27. Qf2 Be8 28. Kg2 h5 29. h4 Qc7 30. Nc4 Ra6 31. Nd2 Nxd2 32. Rxd2 Raa8 33. Rc2 Qb8 34. Qb6 Qa7 35. Qxa7 Rxa7 36. Rc7 Nh7 37. Rec1 f5 38. Re7 fxe4 39. fxe4 Bg6 40. Bd3 Nf6 41. Rcc7 Ne8 42. Rxb7 Rxb7 43. Rxb7 Nf6 44. Kf3 Nxd5 45. Bc4 Rf8+ 46. Ke2 Bxe4 47. Rb5 1-0

[Event "Serbian League 2024"]
[Site "Bajina Basta"]
[Date "2024.10.03"]
[Round "7.30"]
[White "Todorovic, Jovan"]
[Black "Gagic, Milan A"]
[Result "1/2-1/2"]
[ECO "B01"]
[WhiteElo "2332"]
[BlackElo "2284"]
[Annotator "RC"]
[PlyCount "43"]
[EventDate "2024.09.26"]
[EventType "team-tourn"]
[EventCountry "SRB"]
[SourceTitle "playchess.com"]
[Source "ChessBase"]
[SourceQuality "1"]
[TimeControl "40/5400+30:1800+30"]

1. e4 d5 2. exd5 Nf6 3. Bb5+ Nbd7 4. Nf3 Nxd5 5. d4 g6 6. O-O Bg7 7. Re1 O-O 8. Bf1 c5 9. c4 N5f6 10. d5 b5 11. cxb5 Nb6 12. Ne5 Nbxd5 13. Nd2 a6 14. bxa6 Bxa6 15. Ndc4 Qc7 16. Bd2 Bb7 17. a3 Nd7 18. Nxd7 Qxd7 19. Rc1 Qc7 20. Qc2 Rac8 21. Qe4 Bd4 22. Qh4 1/2-1/2

[Event "Serbian League 2024"]
[Site "Bajina Basta"]
[Date "2024.10.03"]
[Round "7.31"]
[White "Hovhannisyan, Robert"]
[Black "Ivic, Velimir"]
[Result "1/2-1/2"]
[ECO "B47"]
[WhiteElo "2619"]
[BlackElo "2599"]
[Annotator "TA"]
[PlyCount "100"]
[EventDate "2024.09.26"]
[EventType "team-tourn"]
[EventCountry "SRB"]
[SourceTitle "playchess.com"]
[Source "ChessBase"]
[SourceQuality "1"]
[TimeControl "40/5400+30:1800+30"]

1. e4 c5 2. Nf3 e6 3. d4 cxd4 4. Nxd4 Nc6 5. Nc3 Qc7 6. Be2 Nf6 7. f4 Nxd4 8. Qxd4 Bc5 9. Qd3 d5 10. e5 Ne4 11. Be3 {[%emt 0:01:16] Prevents Nf2} Bxe3 12. Qxe3 (12. Nxe4 {with more complications.} Qb6 13. Nd6+ Kf8 14. Rd1) 12... Nxc3 13. Qxc3 Qxc3+ 14. bxc3 Bd7 15. Kd2 Ke7 16. Rhb1 Rab8 17. Rb4 Rhc8 18. Rab1 b6 19. R1b3 Rc5 20. Ra3 a5 21. Rb1 Kd8 22. Rab3 Kc7 23. Bd3 Ba4 24. R3b2 b5 25. f5 exf5 26. Bxf5 Kd8 27. Rf1 Ke7 28. Rf4 $1 Rc4 29. g3 ({Of course not} 29. Rxc4 dxc4 30. Ke3 Rd8 $17) 29... Rb6 30. Rb1 Rh6 31. Rf2 Rhc6 32. Rbf1 Rxc3 {[%emt 0:03:49] Threatening ...h6. The position is equal.} 33. Bxh7 Ke6 {[%emt 0:02:11] [#] Threatens to win with ...g6.} 34. Rxf7 Bxc2 ({Don't play} 34... Kxe5 $6 35. Re1+ Kd6 36. Rxg7 $16) 35. Rxg7 {[%emt 0:00:51] And now Rf6+ would win.} Bxh7 36. Rf6+ Kxe5 {[%emt 0:00:01] ( -> ...Rc2+)} 37. Rxc6 Rxc6 38. Rxh7 $11 {[%emt 0:00:02][%mdl 4096] Endgame. KR-KR} Rc4 {[%emt 0:01:16] ...Ra4 would now be deadly.} 39. Rb7 Ra4 40. Rxb5 Rxa2+ 41. Kd3 a4 (41... Rxh2 {simplifies} 42. Rxa5 Rg2 43. Ra8 Rxg3+ 44. Kd2 Rh3) 42. Ra5 a3 43. h4 Rg2 44. h5 (44. Kc3 {simplifies} Rxg3+ 45. Kb4 Rg4+ 46. Kxa3 Rxh4 47. Kb3) 44... Rxg3+ 45. Kc2 Ke4 {[%emt 0:02:13] [#] Hoping for ...d4.} (45... Rh3 {simplifies} 46. Ra4 Rh2+ 47. Kb1 Rxh5 48. Rxa3 Rh2) 46. h6 d4 {[%emt 0:02:47] aiming for ...Rh3.} 47. h7 d3+ 48. Kc3 Rh3 49. Rxa3 Rxh7 {[%emt 0:00:39] Strongly threatening ...Ke3.} 50. Ra8 $1 Rc7+ {[%emt 0:02:23] Weighted Error Value: White=0.04 (flawless) /Black=0.03 (flawless) .  Inaccurate:     	White=2     	Black=1      OK:         	White=20    	Black=19     Best:        	White=2     	Black=2      Strong:       	White=2     	---} 1/2-1/2

[Event "Serbian League 2024"]
[Site "Bajina Basta"]
[Date "2024.10.03"]
[Round "7.34"]
[White "Perunovic, Miodrag"]
[Black "Tadic, Stefan"]
[Result "1/2-1/2"]
[ECO "D36"]
[WhiteElo "2347"]
[BlackElo "2440"]
[Annotator "TA"]
[PlyCount "51"]
[EventDate "2024.09.26"]
[EventType "team-tourn"]
[EventCountry "SRB"]
[SourceTitle "playchess.com"]
[Source "ChessBase"]
[SourceQuality "1"]
[TimeControl "40/5400+30:1800+30"]

1. d4 d5 2. c4 e6 3. Nc3 Nf6 4. cxd5 exd5 5. Bg5 c6 6. e3 h6 7. Bh4 Be7 8. Bd3 Ne4 9. Bxe7 Qxe7 10. Qc2 {[%emt 0:09:05][%cal Oc3d5] [#] Nxd5! would now be deadly.} Nd6 11. Nf3 Nd7 12. O-O-O Nf6 {[%emt 0:05:21] The position is equal.} 13. Ne5 Ng4 14. Nf3 Nf6 15. h3 Nfe4 16. Ne5 Nxc3 17. Qxc3 Bf5 18. Bxf5 ({But not} 18. Nxc6 $2 Qf6 19. Bxf5 Qxf5 $19) 18... Nxf5 19. Nxc6 Qe6 {[%emt 0:02:55][%cal Oe8g8] [#] And now ...0-0! would win.} 20. e4 $1 dxe4 21. d5 Qf6 22. Qxf6 gxf6 23. Nd4 Nd6 24. g4 h5 25. Rhe1 Kd7 26. f3 {[%emt 0:07:05] Weighted Error Value: White=0.05 (flawless) /Black=0.01 (flawless) .  Mistake:       	White=1     	---        OK:         	White=6     	Black=10     Strong:       	White=1     	---} (26. Nf5 $15 {should be considered.}) 1/2-1/2

[Event "Serbian League 2024"]
[Site "Bajina Basta"]
[Date "2024.10.03"]
[Round "7.35"]
[White "Ratkovic, Milovan"]
[Black "Radovanovic, Dusan"]
[Result "1/2-1/2"]
[ECO "E48"]
[WhiteElo "2429"]
[BlackElo "2293"]
[Annotator "TA"]
[PlyCount "55"]
[EventDate "2024.09.26"]
[EventType "team-tourn"]
[EventCountry "SRB"]
[SourceTitle "playchess.com"]
[Source "ChessBase"]
[SourceQuality "1"]
[TimeControl "40/5400+30:1800+30"]

1. d4 Nf6 2. c4 e6 3. Nc3 Bb4 4. e3 O-O 5. Bd3 d5 6. cxd5 exd5 7. Nge2 Bd6 8. Bd2 Re8 9. Rc1 a6 {[%emt 0:01:37] Wards off Nb5} 10. Ng3 {[%emt 0:07:30] The position is equal.} Nbd7 11. O-O c5 12. Nf5 (12. Qf3 $14) 12... Bf8 13. Qf3 c4 (13... g6 $11 14. Ng3 Nb6) 14. Bb1 $14 Bb4 15. Rfd1 Nf8 16. h3 Bxf5 17. Qxf5 b5 18. Ne4 dxe4 19. Bxb4 Qd5 (19... g6 $11 20. Qg5 Ne6) 20. Qxd5 Nxd5 21. Bd2 Rac8 22. a3 Nd7 $1 23. f3 N7f6 24. Kf2 g6 25. f4 {[%emt 0:03:14] White is weak on the light squares} h5 26. Ke2 Kg7 27. Be1 Ng8 28. Ba2 {[%emt 0:02:44] Weighted Error Value: White=0.11 (very precise) /Black=0.09 (flawless) .  Mistake:       	White=2     	Black=2      Inaccurate:     	White=2     	Black=2      OK:         	White=9     	Black=8      Best:        	White=1     	---        Strong:       	---       	Black=1} (28. Bd2 $15) 1/2-1/2

[Event "Serbian League 2024"]
[Site "Bajina Basta"]
[Date "2024.10.03"]
[Round "7.36"]
[White "Pavlovic, Dejan S"]
[Black "Tadic, Branko"]
[Result "1/2-1/2"]
[ECO "E08"]
[WhiteElo "2350"]
[BlackElo "2424"]
[Annotator "TA"]
[PlyCount "37"]
[EventDate "2024.09.26"]
[EventType "team-tourn"]
[EventCountry "SRB"]
[SourceTitle "playchess.com"]
[Source "ChessBase"]
[SourceQuality "1"]
[TimeControl "40/5400+30:1800+30"]

1. d4 d5 2. Nf3 Nf6 3. c4 e6 4. g3 Be7 5. Bg2 O-O 6. O-O c6 7. Qc2 b6 8. b3 Nbd7 9. Bb2 Bb7 10. Rd1 Rc8 11. Ne5 {[%emt 0:08:13] The position is equal.} b5 12. c5 a5 13. Nd3 {[%emt 0:17:42] White is much more active.} Ng4 14. Nd2 f5 15. Nf3 Qe8 {[%emt 0:03:12] White is slightly better.} 16. h3 Nh6 17. Qd2 Bd8 18. Nfe5 Nf7 19. Nxd7 {[%emt 0:00:53] Weighted Error Value: White=0.07 (flawless) /Black=0.08 (flawless) .  Inaccurate:     	White=1     	Black=2      OK:         	White=5     	Black=8} 1/2-1/2